Map: Alto de Lerilak

Players

Xandros - Winner!

  • Race: Zerg Zerg

IA (Muy difícil) 1

  • Race: Protoss Protoss

VOD

Have the link to the VOD?

Description

Time

  • Played on: Nov. 20, 2015, 9:21 a.m.
  • Length: 17:33
Show
View Real Time Build Order
Export as new Build Order

Xandros Zerg - Winner!

Build Orders: Pool First, Lurkers 

Get SALT Encoding   

  12  0:03  Drone  
  13  0:08  Drone  
  14  0:15  Extractor  
  14  0:16  Drone  
  15  0:34  Spawning Pool  
  14  0:38  Overlord  
  14  1:06  Drone  
  14  1:07  Hatchery  
  14  1:17  Drone x2  
  16  1:24  Queen  
  18  1:28  Drone  
  19  1:34  Extractor  
  19  1:36  Drone  
  19  1:42  Drone  
  20  1:57  Drone  
  21  2:09  Overlord  
  21  2:18  Queen  
  21  2:21  Drone  
  24  2:25  Extractor  
  24  2:26  Queen  
  24  2:29  Drone  
  26  2:33  Drone x2  
  28  2:47  Drone  
  28  2:49  Zergling x4  
  31  2:52  Metabolic Boost  
  31  2:58  Drone  
  32  3:03  Queen  
  34  3:54  Drone  
  35  3:56  Drone  
  35  4:00  Overlord x3  
  36  4:03  Hatchery  
  36  4:05  Drone  
  36  4:19  Lair  
  36  4:20  Roach Warren  
  35  4:25  Drone x2  
  37  4:40  Zergling x8  
  41  4:48  Drone x3  
  41  4:51  Extractor  
  43  5:04  Zergling x2  
  43  5:05  Roach x5  
  54  5:15  Drone  
  54  5:16  Queen  
  57  5:34  Roach x4  
  64  5:46  Overlord x3  
  64  5:47  Overlord  
  64  5:50  Glial Reconstitution  
  64  6:00  Hydralisk Den  
  64  6:04  Drone x4, Infestation Pit  
  67  6:11  Drone x2  
  67  6:12  Drone  
  69  6:25  Roach x5  
  79  6:26  Roach  
  81  6:44  Burrow  
  81  6:45  Hive  
  81  6:47  Muscular Augments  
  81  6:48  Hydralisk  
  83  7:19  Hatchery  
  82  7:26  Ravager x3  
  85  7:56  Hydralisk x5  
  85  7:58  Overlord x3  
  95  8:16  Overseer  
  95  8:30  Drone x3  
  98  8:34  Extractor  
  98  8:37  Drone x3, Extractor  
  99  8:43  Tunneling Claws  
  97  9:05  Evolution Chamber  
  80  9:11  Roach x3  
  80  9:12  Roach x6  
  80  9:13  Roach x2  
  86  9:28  Queen  
  83  9:50  Drone x3  
  86  10:03  Zergling x8  
  86  10:04  Zergling x16  
  98  10:14  Lurker Den  
  83  10:38  Roach x6  
  83  10:39  Roach x4  
  95  11:01  Spire  
  90  11:04  Hydralisk x2  
  90  11:05  Hydralisk x3  
  90  11:06  Hydralisk x3  
  90  11:08  Roach x3  
  95  11:31  Ravager  
  96  11:34  Ravager  
  96  11:37  Zergling x2  
  96  11:38  Zergling x14  
  96  11:39  Zergling x4  
  107  11:48  Hydralisk x3  
  107  11:49  Hydralisk  
  107  11:51  Lurker  
  107  11:52  Lurker x2  
  111  12:31  Hydralisk  
  105  12:58  Lurker  
  97  13:09  Zergling x4  
  97  13:10  Zergling x16  
  97  13:11  Zergling x2  
  105  13:13  Roach  
  105  13:14  Roach x8  
  111  13:49  Lurker  
  108  14:11  Roach  
  108  14:12  Roach x4  
  108  14:13  Roach x2  
  119  14:52  Hydralisk  
  117  14:55  Mutalisk  
  119  15:02  Overseer  
  119  15:03  Overseer  
  119  15:09  Overseer  
  119  15:41  Ultralisk Cavern  
  118  15:52  Overlord x4  
  118  15:53  Overlord  
  118  15:54  Extractor x2  
  116  16:01  Extractor  
  115  16:25  Mutalisk  
  115  16:26  Mutalisk x12  
  115  16:27  Mutalisk x8  
  115  16:28  Mutalisk  
Show
View Real Time Build Order
Export as new Build Order

IA (Muy difícil) 1 Protoss 

Build Orders: Zealot Archon, Colossus Rush 

Get SALT Encoding   

  12  0:01  Probe (Chrono Boost)  
  13  0:11  Probe (Chrono Boost)  
  14  0:20  Pylon  
  14  0:22  Probe (Chrono Boost)  
  15  0:39  Probe (Chrono Boost)  
  16  0:47  Assimilator  
  16  0:49  Probe (Chrono Boost)  
  17  0:51  Gateway  
  17  1:00  Probe (Chrono Boost), Pylon  
  18  1:10  Probe (Chrono Boost)  
  19  1:21  Probe (Chrono Boost)  
  20  1:32  Probe (Chrono Boost)  
  21  1:37  Gateway, Zealot  
  23  1:43  Cybernetics Core, Probe (Chrono Boost)  
  23  1:46  Pylon  
  25  1:54  Probe (Chrono Boost)  
  25  2:02  Zealot  
  25  2:06  Probe (Chrono Boost)  
  28  2:11  Assimilator  
  28  2:15  Warp Gate  
  28  2:17  Probe (Chrono Boost)  
  29  2:23  Adept  
  29  2:28  Adept  
  29  2:29  Probe (Chrono Boost)  
  34  2:36  Pylon  
  34  2:41  Probe (Chrono Boost)  
  35  2:50  Adept  
  37  2:53  Probe (Chrono Boost)  
  37  2:54  Sentry  
  40  3:04  Probe (Chrono Boost)  
  41  3:15  Probe (Chrono Boost)  
  41  3:18  Nexus  
  42  3:23  Stalker  
  43  3:29  Probe (Chrono Boost)  
  44  3:40  Probe (Chrono Boost)  
  45  3:47  Robotics Facility  
  45  3:52  Probe (Chrono Boost)  
  47  4:03  Probe (Chrono Boost)  
  47  4:05  Pylon  
  47  4:22  Adept  
  47  4:24  Probe (Chrono Boost)  
  50  4:29  Adept  
  50  4:30  Probe (Chrono Boost)  
  53  4:35  Probe (Chrono Boost)  
  54  4:41  Adept  
  54  4:42  Probe (Chrono Boost)  
  58  4:46  Probe (Chrono Boost), Robotics Bay  
  58  4:49  Observer  
  60  4:53  Probe (Chrono Boost)  
  60  4:58  Probe (Chrono Boost)  
  61  5:00  Robotics Facility  
  61  5:04  Probe (Chrono Boost)  
  61  5:05  Pylon  
  62  5:08  Stalker  
  62  5:09  Probe (Chrono Boost)  
  62  5:13  Stalker  
  67  5:15  Probe (Chrono Boost)  
  67  5:19  Pylon  
  67  5:20  Probe (Chrono Boost)  
  69  5:27  Probe (Chrono Boost)  
  70  5:28  Colossus  
  76  5:44  Stalker  
  76  5:45  Probe (Chrono Boost), Pylon  
  76  5:49  Probe (Chrono Boost)  
  80  5:54  Twilight Council  
  80  5:55  Assimilator  
  80  5:57  Assimilator  
  80  6:04  Gateway  
  80  6:09  Pylon  
  81  6:19  Probe x2 (Chrono Boost)  
  81  6:24  Zealot  
  84  6:30  Probe (Chrono Boost)  
  84  6:31  Probe (Chrono Boost)  
  86  6:33  Templar Archives  
  86  6:36  Pylon  
  86  6:40  Probe (Chrono Boost)  
  86  6:46  Pylon  
  87  6:50  Nexus  
  87  6:54  Gateway  
  87  6:58  Stalker  
  89  7:03  Stalker  
  89  7:07  Stalker  
  93  7:18  Forge  
  93  7:19  High Templar  
  93  7:22  Forge  
  95  7:24  High Templar  
  95  7:28  Sentry  
  95  7:29  Psionic Storm  
  99  7:35  Warp Prism  
  99  7:39  Warp Prism, Archon  
  103  7:48  Stalker, Pylon  
  105  7:52  Gateway  
  105  7:53  Photon Cannon  
  105  7:54  High Templar  
  105  7:55  Pylon  
  107  8:05  Probe x2 (Chrono Boost)  
  110  8:06  Probe (Chrono Boost)  
  110  8:08  High Templar  
  112  8:13  Protoss Ground Weapons Level 1  
  112  8:16  Probe (Chrono Boost)  
  112  8:17  Probe x2 (Chrono Boost), Archon  
  115  8:21  Assimilator  
  115  8:24  Pylon  
  115  8:25  Photon Cannon  
  116  8:27  Probe (Chrono Boost)  
  116  8:28  Probe (Chrono Boost), Photon Cannon  
  116  8:29  Probe (Chrono Boost)  
  116  8:32  Assimilator  
  116  8:33  High Templar  
  120  8:38  Probe (Chrono Boost)  
  120  8:40  Probe (Chrono Boost)  
  122  8:44  Probe (Chrono Boost)  
  122  8:46  Photon Cannon  
  122  8:47  High Templar  
  125  8:48  Pylon  
  125  8:49  Protoss Ground Armor Level 1  
  125  8:50  Probe (Chrono Boost)  
  125  8:52  Probe (Chrono Boost)  
  125  8:55  Probe (Chrono Boost)  
  128  8:57  Zealot  
  128  8:58  Zealot x2  
  128  9:01  Probe (Chrono Boost)  
  134  9:03  Probe (Chrono Boost)  
  134  9:05  Zealot  
  120  9:11  Photon Cannon  
  104  9:17  Adept, Zealot x2, High Templar  
  104  9:23  Zealot  
  102  9:27  Observer  
  91  9:36  Sentry, Zealot, High Templar  
  91  9:42  Zealot  
  93  9:47  High Templar, Archon  
  95  9:53  Gateway  
  95  9:54  Zealot  
  95  9:56  Nexus  
  95  9:57  Adept  
  99  10:01  Observer, High Templar  
  99  10:06  Adept  
  104  10:10  Photon Cannon  
  104  10:11  Archon  
  104  10:12  Photon Cannon  
  104  10:14  Zealot  
  104  10:17  Zealot  
  104  10:18  Sentry  
  101  10:26  Sentry  
  95  10:29  Photon Cannon  
  95  10:30  Stalker  
  95  10:32  Zealot  
  80  10:36  Adept  
  80  10:39  Sentry  
  81  10:46  Adept  
  81  10:48  Zealot  
  77  10:51  Adept  
  77  10:52  Zealot  
  77  10:54  Zealot  
  78  11:00  Probe (Chrono Boost), Zealot  
  78  11:01  Probe x2 (Chrono Boost)  
  66  11:05  Stalker  
  66  11:07  Zealot  
  66  11:09  Probe (Chrono Boost)  
  66  11:10  Adept  
  63  11:11  Zealot  
  63  11:12  Probe x2 (Chrono Boost)  
  63  11:13  Probe (Chrono Boost), High Templar  
  58  11:20  Sentry, Probe (Chrono Boost)  
  58  11:23  Probe (Chrono Boost)  
  58  11:24  Probe (Chrono Boost)  
  58  11:25  Probe (Chrono Boost), Adept  
  66  11:27  Stalker, Photon Cannon  
  66  11:30  Zealot  
  66  11:31  High Templar  
  66  11:32  Probe (Chrono Boost)  
  62  11:40  Probe (Chrono Boost)  
  62  11:41  Probe (Chrono Boost)  
  62  11:42  Stalker  
  55  12:07  Pylon  
  53  12:14  Pylon  
  52  12:16  Stalker  
  51  12:23  Stalker  
  51  12:25  Archon  
  51  12:26  High Templar  
  53  12:33  High Templar  
  53  12:34  Stalker x2  
  53  12:35  Probe (Chrono Boost)  
  53  12:36  Sentry  
  53  12:48  Probe (Chrono Boost)  
  54  12:55  Templar Archives, Stalker  
  54  12:56  Zealot x2  
  60  13:10  Probe (Chrono Boost)  
  60  13:12  Cybernetics Core  
  43  13:29  Nexus  
  43  13:36  Archon  
  43  13:37  High Templar  
  43  13:44  High Templar  
  41  13:52  Probe (Chrono Boost)  
  42  14:05  Stalker  
  44  14:15  Archon  
  44  14:20  Pylon  
  44  14:22  Gateway  
  44  14:27  Pylon  
  44  14:29  Nexus  
  44  14:31  Pylon  
  31  15:13  Gateway  
  31  15:15  High Templar  
  33  15:27  Nexus  
  33  15:43  High Templar  
  33  15:46  Probe (Chrono Boost)  
  33  15:48  Probe (Chrono Boost)  
  37  15:52  Assimilator  
  38  15:57  Probe (Chrono Boost)  
  38  15:58  Assimilator  
  38  15:59  Probe (Chrono Boost)  
  39  16:07  Sentry  
  39  16:08  Probe (Chrono Boost)  
  39  16:10  Probe (Chrono Boost)  
  43  16:12  Sentry  
  42  16:19  Probe (Chrono Boost), Archon  
  37  16:28  Pylon  
  24  16:57  Nexus  
  22  17:06  Probe (Chrono Boost)  
  19  17:17  Probe (Chrono Boost)  
Tags
 
Add a new tag
Caveats
  • Supply blocks, unpowered buildings, or Contaminate may cause inaccurate times.
  • Supply counts are checked every 10 seconds.